 Dungeon Crawl Stone Soup version 0.28.0-43-g3370ac3207 (webtiles) character file.

Game seed: 6856497559323873400

394 pkoi the Ruffian (level 6, -3/54 HPs)
             Began as a Troll Earth Elementalist on Mar 22, 2022.
             Slain by a gnoll
             ... wielding a +0 flail
              (4 damage)
             ... on level 4 of the Dungeon.
             The game lasted 00:04:25 (3470 turns).

pkoi the Ruffian (Troll Earth Elementalist)         Turns: 3470, Time: 00:04:25

Health: -3/54      AC:  5    Str: 17    XL:     6   Next: 51%
Magic:  6/6        EV:  9    Int: 13    God:
Gold:   81         SH:  0    Dex: 10    Spells: 2/7 levels left

rFire   . . .      SeeInvis .     - Unarmed
rCold   . . .      Faith    .   (no shield)
rNeg    . . .      Spirit   .   b - +0 robe
rPois   .          Reflect  .   (helmet restricted)
rElec   .          Harm     .   n - +0 cloak
rCorr   .          Rampage  .   (gloves unavailable)
Will    .....                   (boots unavailable)
Stlth   +.........              (no amulet)
HPRegen 0.98/turn               (no ring)
MPRegen 0.10/turn               (no ring)

@: lethally poisoned (-3 -> -7)
A: large, unfitting armour, claws 3, regeneration 1, shaggy fur 1, tough skin 1
a: no special abilities


You were on level 4 of the Dungeon.
You visited 1 branch of the dungeon, and saw 4 of its levels.

You collected 81 gold pieces.

Inventory:

Hand Weapons
 e - a +2 dagger of freezing
Missiles
 c - 186 stones
 i - 3 poisoned darts
Armour
 b - a +0 robe (worn)
 n - a +0 cloak (worn)
Jewellery
 l - a +4 ring of protection
Scrolls
 m - 3 scrolls of identify
Potions
 a - a potion of flight
 d - a potion of lignification {unknown}
 f - a potion of curing
 g - 2 potions of mutation
 h - a potion of might
 j - a potion of brilliance
 k - a potion of heal wounds {unknown}
 p - a potion of invisibility {unknown}


   Skills:
 + Level 0.8 Fighting
 - Level 1.5 Dodging
 - Level 1.0 Stealth
 * Level 6.0 Unarmed Combat
 - Level 1.2 Spellcasting
 - Level 1.3 Transmutations
 - Level 3.1 Earth Magic


You had 2 spell levels left.
You knew the following spells:

 Your Spells              Type           Power      Damage    Failure   Level
a - Sandblast             Erth           16%        2d6       8%          1
b - Passwall              Tmut/Erth      5%         N/A       17%         2
c - Wereblood             Tmut           4%         N/A       24%         2

Your spell library contained the following spells:

 Spells                   Type           Power      Damage    Failure   Level
 Sublimation of Blood     Necr           0%         N/A       38%         2
 Stone Arrow              Conj/Erth      8%         3d7       41%         3
 Petrify                  Tmut/Erth      6%         N/A       73%         4
 Summon Hydra             Summ           0%         N/A       100%        7


Dungeon Overview and Level Annotations

Branches:
Dungeon (4/15)
 Temple: D:4-7

Altars:
Makhleb


Innate Abilities, Weirdness & Mutations

You are too large for most types of armour.
You have claws for hands.
Your natural rate of healing is unusually fast.
You are covered in fur. (AC +1)
You have tough skin. (AC +1)


Message History

No target in view!
HP restored.
You open the door.
A gnoll sergeant and 5 gnolls come into view.
The gnoll sergeant is wielding a +2 spear of venom.
The gnoll shouts! x4
Found 24 gold pieces and a short sword.
There are monsters nearby!
The gnoll shouts!
You scratch the gnoll.
The gnoll is heavily wounded.
You barely miss the gnoll.
The gnoll is heavily wounded.
The gnoll hits you with a +0 flail.
You claw the gnoll!
You kill the gnoll!
The gnoll sergeant hits you from afar with a +2 spear of venom!
* * * LOW HITPOINT WARNING * * *
You are poisoned.
The gnoll hits you from afar with a +0 halberd!
* * * LOW HITPOINT WARNING * * *
Your Unarmed Combat skill increases to level 6!
You feel very sick.
You feel very sick.
You feel very sick. The gnoll hits you with a +0 flail.
* * * LOW HITPOINT WARNING * * *
You feel better.
The gnoll sergeant hits you from afar with a +2 spear of venom!
* * * LOW HITPOINT WARNING * * *
As you read the scroll labelled BEIRAITS BUONT, it crumbles to dust.
You feel aware of your surroundings.
It was a scroll of magic mapping.
The gnoll barely misses you.
The gnoll sergeant hits you from afar with a +2 spear of venom!
* * * LOW HITPOINT WARNING * * *
You are lethally poisoned!
* * * LOW HITPOINT WARNING * * *
You feel very sick. The gnoll hits you with a +0 flail.
You die...

*,**.#,* *,**,,,,,,,
*,##.#,##***,***,*****
*,#..#...,,,,* *,*
#,#.#*#.#*******+**
#.#.# #.# **,,,**
#.#.###.#####*,,,,,**
*.......#≈≈≈≈≈≈≈≈≈,,**
**#.#...#≈#*≈≈≈**≈,,,#
#..@gg.≈##*###*≈,,,+
#.#..g.≈≈#.).#≈≈,,,#
#.##.#.gg)..$#≈≈,,**
#.#####≈≈#...#≈≈,**
#.# #≈##*###*≈#* #.#
#≈#*≈≈≈##≈# #.#
#≈≈≈≈≈≈≈≈≈* #.#
#########.#* #.#
#.......#.##


You could see a gnoll sergeant and 4 gnolls.

Vanquished Creatures
  A water moccasin (D:3)
  A phantom (D:4)
  A water moccasin skeleton (D:3)
  Jessica (D:3)
  Robin (D:2)
  2 adders
  A gnoll (D:4)
  A worm (D:2)
  4 dart slugs
  4 orcs (D:3)
  6 endoplasms
  4 giant cockroaches
  8 hobgoblins
  2 jackals (D:2)
  7 kobolds
  4 quokkas (D:1)
  2 ball pythons
  6 bats
  3 frilled lizards (D:1)
  18 goblins
  3 rats
80 creatures vanquished.

Notes
Turn   | Place    | Note
-------+----------+-------------------------------------------
     0 | D:1      | pkoi the Troll Earth Elementalist began the quest for the
                  | Orb.
     0 | D:1      | Reached XP level 1. HP: 16/16 MP: 1/1
    62 | D:1      | Reached skill level 1 in Unarmed Combat
   146 | D:1      | Reached XP level 2. HP: 24/24 MP: 2/2
   236 | D:1      | Reached skill level 2 in Unarmed Combat
   517 | D:1      | Reached XP level 3. HP: 28/31 MP: 3/3
   699 | D:1      | Reached skill level 3 in Unarmed Combat
  1050 | D:2      | Learned a level 2 spell: Passwall
  1274 | D:2      | Noticed Robin
  1909 | D:2      | Killed Robin
  1910 | D:2      | Reached XP level 4. HP: 29/39 MP: 4/4
  2007 | D:2      | Reached skill level 4 in Unarmed Combat
  2114 | D:2      | Found a faded altar of an unknown god.
  2590 | D:3      | Reached XP level 5. HP: 41/45 MP: 5/5
  2646 | D:3      | Noticed a water moccasin
  2805 | D:3      | Noticed Jessica
  2809 | D:3      | Killed Jessica
  2810 | D:3      | Reached skill level 5 in Unarmed Combat
  2816 | D:3      | Found a burning altar of Makhleb.
  3180 | D:3      | Killed a water moccasin
  3181 | D:3      | Reached skill level 1 in Transmutations
  3181 | D:3      | Reached XP level 6. HP: 44/53 MP: 6/6
  3205 | D:3      | Learned a level 2 spell: Wereblood
  3464 | D:4      | Reached skill level 6 in Unarmed Combat
  3470 | D:4      | HP: 1/54 [poisoned by a gnoll sergeant]
  3470 | D:4      | Slain by a gnoll

Illustrated notes

Levels and vault maps discovered:
D:1:      saegor_arrival_simple_d, layout_loops_corners
D:2:      layout_loops_corners, hellmonk_ecumenical_altar_lost_god,
          grunt_decor_arrowhead, uniq_robin
D:3:      layout_loops_ring, mainiacjoe_overflow_boulevard, uniq_jessica
D:4:      layout_loops_corners, lightli_minifort, uniq_pikel

Skill      XL: |  1  2  3  4  5  6 |
---------------+-------------------+-----
Unarmed Combat | 1 2 3 4 5 6 |  6.0
Transmutations | 1 |  1.3
Earth Magic    | 3 |  3.1
Fighting       | |  0.8
Dodging        | |  1.5
Stealth        | |  1.0
Spellcasting   | |  1.2

Action                   |  1- 3 |  4- 6 || total
-------------------------+-------+-------++-------
Melee: Unarmed           |   171 |    92 ||   263
       Punch             |     3 |       ||     3
 Cast: Sandblast         |       |     1 ||     1
  Use: Scroll            |       |     8 ||     8
       Potion            |       |     1 ||     1
 Stab: Sleeping          |     3 |     2 ||     5
Armor: Robe              |    95 |    28 ||   123
Dodge: Dodged            |    97 |    42 ||   139
